Unix NetHack Version 3.7.0-66 Work-in-progress - last build Dec 5 2022 03:26:57 (dbea811729ade750c4c0c7f8ab6145c62533a6e7,branch:master). Game began 2022-12-22 13:55:27, ended 2022-12-22 22:51:15. Gandelf, neutral male human Monk -------------------------- |@Z...%......%...........| |.......----------------.| -------.------ |.| |...........| |.| |0.......%.0| |.| --------.----| |)| |2.1.%)......| |.| |%.....).....| |.| -----.-------- ------|"| |..[.......| --|.....|.| |..........| |.-..[.)|.| |.........-- |-|.....|"| -------.---- |.-.)(..-.| |........| |-|.....|-- |........| |.+.....| |...------ --|..(..| ----- ------- Gandelf the Initiate St:17 Dx:16 Co:15 In:7 Wi:17 Ch:12 Neutral S:21175 Dlvl:4 $:2473 HP:0(82) Pw:57(57) AC:0 Xp:9/4181 T:9243 Hungry Latest messages: The gremlin hits! The gremlin bites! The gremlin hits! You hit the gremlin! The gremlin hits! The gremlin misses! The gremlin misses! The gremlin misses! You miss the gremlin. The gremlin hits! The gremlin just misses! The gremlin misses! The gremlin misses! You miss the gremlin. The gremlin misses! The gremlin hits! The gremlin bites! The gremlin hits! The gremlin chuckles. You feel a little sick! You hit the gremlin! The gremlin hits! The gremlin hits! The gremlin bites! The gremlin hits! What do you want to use or apply? [acikuzAEIJMR-UX or ?*] c In what direction? k Status of the gremlin (chaotic): Level 7 HP 5(33) AC 2. You kill the gremlin! You see here a slime mold. The large dog eats a stalker corpse. The large dog vanishes. You don't have anything to drink. What do you want to use or apply? [acikuzAEIJMR-UX or ?*] A F - a potion of healing. What do you want to drink? [F or ?*] F You feel better. You feel an unseen monster! You hit the giant zombie! The giant zombie hits! The giant zombie knocks you back with a forceful strike! Ouch! The giant zombie hits! The giant zombie hits! You die... Do you want your possessions identified? [ynq] (y) y Do you want to see your attributes? [ynq] (y) y Do you want an account of creatures vanquished? [ynaq] (y) y Do you want to see your conduct and achievements? [ynq] (y) y Do you want to see the dungeon overview? [ynq] (y) y Inventory: Coins $ - 2473 gold pieces Weapons o - a blessed +0 elven arrow (in quiver) Armor w - an uncursed +0 dwarvish iron helm (being worn) m - an uncursed burnt +2 pair of leather gloves (being worn) D - an uncursed +0 pair of iron shoes (being worn) y - an uncursed +0 dwarvish roundshield (being worn) b - an uncursed +0 robe (being worn) Comestibles g - 2 uncursed apples P - an uncursed tripe ration N - an uncursed lizard corpse Scrolls O - an uncursed scroll of teleportation Rings j - an uncursed ring of cold resistance B - an uncursed +2 ring of increase accuracy f - an uncursed ring of invisibility d - a cursed ring of warning Wands z - a wand of cancellation (1:7) J - a wand of enlightenment (0:13) T - a wand of fire (0:6) I - a wand of light (0:11) S - a blessed wand of lightning (0:2) a - a wand of lightning (0:6) X - a wand of locking (0:7) u - a wand of magic missile (0:5) i - a wand of probing (0:8) R - a wand of teleportation (0:4) Tools A - an uncursed bag of holding containing 18 items E - an uncursed bag of holding containing 1 item U - an uncursed credit card k - an uncursed skeleton key c - an uncursed stethoscope M - a tinning kit (0:39) Gems/Stones Q - an uncursed worthless piece of red glass V - an uncursed worthless piece of violet glass Contents of the bag of holding: 1578 gold pieces 8 +0 shuriken an uncursed +0 pair of leather gloves an uncursed +0 pair of elven boots an uncursed +0 dwarvish cloak an uncursed +0 dwarvish cloak an uncursed +0 orcish cloak 6 uncursed oranges 2 uncursed sprigs of wolfsbane an uncursed egg an uncursed lizard corpse 2 uncursed scrolls of earth an uncursed scroll of teleportation a cursed potion of see invisible 5 uncursed potions of water 3 uncursed potions of water a +0 pick-axe an uncursed worthless piece of green glass Contents of the bag of holding: an uncursed spellbook of confuse monster Gandelf the Monk's attributes: Background: You were an Initiate, a level 9 male human Monk. You were neutral, on a mission for Chih Sung-tzu who was opposed by Shan Lai Ching (lawful) and Huan Ti (chaotic). You were in Sokoban, on level 4. You entered the dungeon 9243 turns ago. It was nighttime. There was a new moon in effect when your adventure ended. You had 4181 experience points, 939 more were needed to attain level 10. Your score was 21175 before end-of-game adjustments. Basics: You had 0 out of 82 hit points. You had all 57 energy points (spell power). Your armor class was 0. Your wallet contained 2473 zorkmids, and you had 1578 more stashed away in your pack. Autopickup was on for '$?!+/=' plus thrown. Final Characteristics: Your strength was 17 (limit:18/100). Your dexterity was 16 (limit:18). Your constitution was 15 (limit:18). Your intelligence was 7 (limit:18). Your wisdom was 17 (limit:18). Your charisma was 12 (limit:18). Final Status: You were hungry. You were unencumbered. You were empty handed. You were skilled in martial arts and could have enhanced that. Final Attributes: You were piously aligned. You were sleep resistant. You were telepathic. You were warned. You had automatic searching. You were stealthy. You were guarded. You were fast. You are dead. Miscellaneous: You never encountered a bones level. Total elapsed playing time was 1 hour, 38 minutes and 32 seconds. Major events: Turn 1: Gandelf the neutral male human Monk entered the dungeon 265: entered the Gnomish Mines 332: attained the rank of Novice (level 3) 535: reached Mine Town 1139: attained the rank of Initiate (level 6) 4767: entered Sokoban 5391: completed 1st Sokoban level 6140: completed 2nd Sokoban level 6775: completed 3rd Sokoban level 7653: completed 4th Sokoban level 8049: acquired the Sokoban bag of holding 9243: killed by a giant zombie, while moving through the air Vanquished creatures: 2 giant mimics a flesh golem a large mimic a wumpus a stalker a giant mummy a small mimic an ogre leader a quantum mechanic 2 wood golems a gelatinous cube 2 freezing spheres a flaming sphere 2 tigers a gargoyle a tengu an ochre jelly a wraith a carnivorous ape 3 chameleons a crocodile 3 cockatrices a panther 2 gremlins an orc-captain 2 giant spiders 2 black lights a gnome ruler a brown pudding 2 yetis a Green-elf 4 lizards 2 dingoes a jaguar a dwarf leader 2 dust vortices a raven 2 snakes 2 human zombies 4 rope golems 3 soldier ants 2 fire ants 4 bugbears 2 imps a quasit 2 wood nymphs a water nymph a mountain nymph an Uruk-hai an orc shaman 2 fog clouds 3 yellow lights a shrieker a violet fungus 8 gnome leaders 3 gnomish wizards 2 kobold mummies a gray ooze 2 elf zombies a straw golem a baby crocodile 6 giant ants 4 floating eyes 9 dwarves 3 homunculi 2 kobold leaders a kobold shaman 2 hill orcs 2 rothes a giant bat a monkey 7 orc zombies 4 dwarf zombies 3 iguanas 2 acid blobs a coyote a gas spore a large kobold 5 hobgoblins 2 giant rats 3 cave spiders a brown mold 2 yellow molds a green mold 26 gnomes a garter snake 2 geckos 2 jackals a fox 3 kobolds 5 goblins 2 sewer rats 4 grid bugs a bat 3 lichens 3 kobold zombies 8 newts 230 creatures vanquished. No species were genocided or became extinct. Voluntary challenges: You never hit with a wielded weapon. You read items or engraved 1 time. You never engraved Elbereth. You never genocided any monsters. You never polymorphed an object. You never changed form. You used no wishes. You did not violate any of the special Sokoban rules. Achievements: You entered the Gnomish Mines. You attained the rank of Novice. You entered Minetown. You entered a temple. You entered a shop. You attained the rank of Initiate. You entered Sokoban. You completed Sokoban. The Dungeons of Doom: levels 1 to 8 Level 1: Level 2: Stairs down to The Gnomish Mines. Level 3: Level 4: Level 5: Level 6: A general store, a fountain. Level 7: A fountain. Level 8: Stairs up to Sokoban, level 7. The Gnomish Mines: levels 3 to 5 Level 3: Level 4: Level 5: Many shops, a temple to Chih Sung-tzu, some fountains. Sokoban: levels 7 up to 4 Level 4: <- You were here. Solved. Final resting place for you, killed by a giant zombie, while moving through the air. Level 5: Solved. Level 6: Solved. Level 7: Solved. Game over: ---------- / \ / REST \ / IN \ / PEACE \ / \ | Gandelf | | 4051 Au | | killed by a | | giant zombie | | | | | | 2022 | *| * * * | * _________)/\\_//(\/(/\)/\//\/|_)_______ Goodbye Gandelf the Monk... You died in Sokoban on dungeon level 4 with 20770 points, and 4051 pieces of gold, after 9243 moves. You were level 9 with a maximum of 82 hit points when you died.